 Seeded DCSS version 0.28-a0-1429-gf3d713df7a (webtiles) character file.

Game seed: 901417003039931360 (custom seed)

109 flotson the Chopper (level 4, -7/34 HPs)
             Began as a Demonspawn Gladiator on Jan 8, 2022.
             Killed from afar by an orc wizard (10 damage)
             ... with a puff of flame
             ... on level 3 of the Dungeon.
             The game lasted 00:02:15 (1960 turns).

flotson the Chopper (Demonspawn Gladiator)          Turns: 1960, Time: 00:02:16

Health: -7/34      AC:  8    Str: 17    XL:     4   Next: 59%
Magic:  4/4        EV: 25    Int:  9    God:
Gold:   67         SH:  0    Dex: 14    Spells: 3/3 levels left

rFire   . . .      SeeInvis .   a - +0 war axe
rCold   . . .      Faith    .   i - orb {mayhem}
rNeg    . . .      Spirit   .   u - +0 scale mail
rPois   .          Reflect  .   c - +0 helmet
rElec   .          Harm     .   l - +0 cloak
rCorr   .          Rampage  .   (no gloves)
Will    .....                   (no boots)
Stlth   ..........              k - amulet of the acrobat
HPRegen 0.11/turn               (no ring)
MPRegen 0.09/turn               (no ring)

@: acrobatic
A: demonic guardian 1, spiny 1
a: no special abilities


You were on level 3 of the Dungeon.
You visited 1 branch of the dungeon, and saw 3 of its levels.

You collected 67 gold pieces.

Inventory:

Hand Weapons
 a - a +0 war axe (weapon)
Missiles
 d - 3 throwing nets (quivered)
 f - 5 javelins
 o - 12 poisoned darts
Armour
 c - a +0 helmet (worn)
 i - an orb of mayhem (worn)
 l - a +0 cloak (worn)
 u - a +0 scale mail (worn)
Jewellery
 k - an amulet of the acrobat (around neck)
Scrolls
 e - a scroll of teleportation {unknown}
 g - 4 scrolls of identify {unknown}
 h - a scroll of enchant armour {unknown}
 q - a scroll of fog {unknown}
 r - a scroll of noise {unknown}
 s - a scroll of fear {unknown}
Potions
 b - 2 potions of might {unknown}
 j - 2 potions of degeneration {unknown}
 m - 2 potions of curing {unknown}
 n - a potion of ambrosia {unknown}
 p - a potion of berserk rage {unknown}
 t - a potion of brilliance {unknown}


   Skills:
 + Level 2.7 Fighting
 + Level 3.2 Axes
 + Level 2.5 Throwing
 + Level 1.4 Armour
 + Level 3.2 Dodging


You had 3 spell levels left.
You didn't know any spells.
Your spell library was empty.

Dungeon Overview and Level Annotations

Branches:
Dungeon (3/15)

Altars:


Innate Abilities, Weirdness & Mutations

A weak demonic guardian rushes to your aid.
You are partially covered in sharp spines.


Message History

You miss something.
You hear some strange, mumbled words.
A magic dart appears from out of thin air!
The magic dart hits you! Something hits you.
You miss something. Something hits you.
You barely miss something. Something hits you but does no damage.
You closely miss something. Something hits you but does no damage.
You hear some strange, mumbled words.
A puff of flame appears from out of thin air!
The puff of flame hits you but does no damage.
You barely miss something. Something hits you.
You closely miss something.
You hear some strange, mumbled words.
A magic dart appears from out of thin air!
The magic dart hits you.
You miss something. Something hits you but does no damage. Something hits you.
You miss something. Something hits you.
You are too injured to fight recklessly!
You are too injured to fight recklessly!
You closely miss something. Something hits you but does no damage.
You hit something.
You hear some strange, mumbled words.
A puff of flame appears from out of thin air!
The puff of flame hits you. Something hits you but does no damage.
You miss something.
You hear some strange, mumbled words.
Something tries to affect you, but you resist.
You barely miss something. Something hits you.
* * * LOW HITPOINT WARNING * * *
You barely miss something. Something hits you but does no damage.
You hear some strange, mumbled words.
A puff of flame appears from out of thin air!
The puff of flame hits you.
* * * LOW HITPOINT WARNING * * *
A demonic guardian appears!
You swap places.
Your quasit closely misses something. x2
Your quasit claws something.
Something misses your quasit.
A puff of flame appears from out of thin air!
The puff of flame misses your quasit. The puff of flame hits you!
You die...

######### #...........#####.###
#.......# .........#.......# #
#.#####.# ....... ######..### ..#
#.# ..... #...... ### #.# .o.
##....# #.# #{# #..#.. #.# ##)##
#..### #.# #5..# #..### ##.##
#@#.# #..... #...# #...# ##...##
###..# ##[### ##.....#
#####.##.##### ##.#.## ##.......
#............###.....####........
+.......................+........
#.........##.###.#...####........
#.........##.# #.##.## #.......
#.....†...##.# #.#### ##.....#


You could see an orc and a friendly quasit (summoned).

Vanquished Creatures
  An orc wizard (D:3)
  A worm (D:2)
  6 dart slugs
  An orc (D:3)
  9 ball pythons
  6 endoplasms
  3 giant cockroaches
  7 goblins
  5 hobgoblins (D:1)
  3 jackals (D:1)
  2 quokkas (D:2)
  7 bats
  A frilled lizard (D:1)
  8 kobolds
  2 rats (D:1)
62 creatures vanquished.

Vanquished Creatures (others)
  An orc (D:3)
  A ball python (D:3)
2 creatures vanquished.

Grand Total: 64 creatures vanquished

Notes
Turn   | Place    | Note
-------+----------+-------------------------------------------
     0 | D:1      | flotson the Demonspawn Gladiator began the quest for the
                  | Orb.
     0 | D:1      | Reached XP level 1. HP: 16/16 MP: 1/1
   240 | D:1      | Gained mutation: You are partially covered in sharp spines.
                  | [demonic ancestry]
   240 | D:1      | Reached XP level 2. HP: 22/22 MP: 2/2
   557 | D:1      | Gained mutation: A weak demonic guardian rushes to your
                  | aid. [demonic ancestry]
   557 | D:1      | Reached XP level 3. HP: 24/28 MP: 3/3
   742 | D:1      | Found a faded altar of an unknown god.
   769 | D:1      | Reached skill level 1 in Armour
  1442 | D:3      | Reached XP level 4. HP: 34/34 MP: 4/4
  1960 | D:3      | Killed from afar by an orc wizard

Illustrated notes

Levels and vault maps discovered:
D:1:      psy_arrival_basics, layout_basic, ebering_ecumenical_altar_sacrificial
D:2:      layout_rooms, kennysheep_generic_room_14
D:3:      layout_loops_corners

Skill      XL: |  1  2  3 |
---------------+----------+-----
Throwing       | 2 |  2.5
Axes           | 3 |  3.2
Dodging        | 3 |  3.2
Armour         | 1 |  1.4
Fighting       | |  2.7

Action                   |  1- 3 |  4- 6 || total
-------------------------+-------+-------++-------
Melee: War axe           |    77 |    37 ||   114
Armor: Leather armour    |    15 |     6 ||    21
       Scale mail        |       |    12 ||    12
Dodge: Dodged            |    62 |    12 ||    74

Table legend: (Time is in decaauts)
 A = Elapsed time spent in this place.
 B = Non-inter-level travel time spent in this place.
 C = Inter-level travel time spent in this place.
 D = Time resting spent in this place.
 E = Time spent auto-exploring this place.
 F = Levels seen in this place.
 G = Mean time per level.
                   A        B        C        D        E       F      G
               +--------+--------+--------+--------+--------+-----+--------+
         Total |   1999 |   1941 |     58 |      0 |   1565 |   3 |  666.3 |
       Dungeon |   1999 |   1941 |     58 |      0 |   1565 |   3 |  666.3 |
               +--------+--------+--------+--------+--------+-----+--------+

Top non-repeatable levels by time:
     D:1: 997 daAuts
     D:3: 576 daAuts
     D:2: 425 daAuts
